 Dungeon Crawl Stone Soup version 0.30-a0-137-gd8773701ce (webtiles) character file.

Game seed: 1511064883589172671

122 Dreamer the Changer (level 5, 0/49 HPs)
             Began as an Octopode Transmuter on Sept 22, 2022.
             Slain by a crimson imp (1 damage)
             ... summoned by Natasha
             ... on level 2 of the Dungeon.
             The game lasted 00:04:32 (2220 turns).

Dreamer the Changer (Octopode Transmuter)           Turns: 2220, Time: 00:04:33

Health: 0/49       AC: 22    Str: 10    XL:     5   Next: 6%
Magic:  8/8        EV:  2    Int: 17    God:
Gold:   83         SH:  0    Dex: 15    Spells: 7/8 levels left

rFire   x . .      SeeInvis .    b - +0 great sword
rCold   + . .      Faith    .    (shield currently unavailable)
rNeg    . . .      Spirit   .    (helmet currently unavailable)
rPois   +          Reflect  .    (no amulet)
rElec   .          Harm     .    (no ring)
rCorr   .          Rampage  .    i - ring of Ybog {Ice Dex+3}
Will    .....      NoTele   +    (no ring)
Stlth   +.........               (no ring)
HPRegen 0.16/turn                (no ring)
MPRegen 0.11/turn                (no ring)
                                 (no ring)
                                 (no ring)

@: mighty, tree-form
A: stationary, stasis, torment immunity, boosted hp, almost no armour,
(amphibious), 8 rings, (camouflage 1), (gelatinous body 1), (nimble swimmer 1),
(tentacles)
a: no special abilities


You were on level 2 of the Dungeon.
You were a tree.
You visited 1 branch of the dungeon, and saw 2 of its levels.

You collected 83 gold pieces.

Inventory:

Hand Weapons
 b - a +0 great sword (weapon)
Jewellery
 d - a ring of fire
 i - the ring of Ybog (right branch) {Ice Dex+3}
   (You found it on level 2 of the Dungeon)

   [ring of ice]

   It enhances your ice magic.
   Dex:       It affects your dexterity (+3).
   rF:        It makes you vulnerable to fire.
   rC:        It protects you from cold.
Scrolls
 c - a scroll of magic mapping {unknown}
 e - 2 scrolls of teleportation {unknown}
 f - 2 scrolls of identify {unknown}
 g - a scroll of brand weapon {unknown}
 h - a scroll of amnesia {unknown}


   Skills:
 - Level 1.0 Fighting
 - Level 2.0 Dodging
 - Level 3.0 Unarmed Combat
 - Level 2.0 Spellcasting
 + Level 3.9 Transmutations
 - Level 3.0 Ice Magic


You had 7 spell levels left.
You knew the following spells:

 Your Spells              Type           Power      Damage    Failure   Level
a - Beastly Appendage     Tmut           30%        N/A       3%          1

Your spell library contained the following spells:

 Spells                   Type           Power      Damage    Failure   Level
 Wereblood                Tmut           15%        N/A       6%          2
 Spider Form              Tmut/Pois      8%         N/A       26%         3
 Cigotuvi's Dreadful Rot  Necr/Pois/Air  2%         N/A       28%         2
 Poisonous Vapours        Pois/Air       2%         N/A       28%         2
 Ice Form                 Ice/Tmut       20%        N/A       43%         4


Dungeon Overview and Level Annotations

Branches:
Dungeon (2/15)

Altars:

Annotations:
D:2 Natasha


Innate Abilities, Weirdness & Mutations

You are a tree.
Your roots penetrate the ground, keeping you stationary.
You cannot be teleported.
You are immune to unholy pain and torment.
Your maximum health is greatly increased.
You cannot wear most types of armour.
((You are amphibious.))
You can wear up to eight rings at the same time.
((Your skin changes colour to match your surroundings (Stealth+).))
((Your rubbery body absorbs attacks. (AC +1, EV +1)))
((You are camouflaged when in or above water. (Stealth+)))
((You have tentacles for arms and can constrict up to eight enemies at once.))


Message History

You hit Natasha. Your grab misses Natasha.
You pierce Natasha.
Your squeeze misses Natasha.
Natasha is moderately wounded.
The white imp hits you. The white imp freezes you. You resist.
The crimson imp hits you. Natasha barely misses you.
You barely miss Natasha. Your grab misses Natasha.
Your tentacle spike misses Natasha.
Natasha is moderately wounded.
The crimson imp closely misses you. The white imp hits you.
The white imp freezes you. You resist. Natasha misses you.
Natasha stares at you and mumbles some strange words.
The magic dart hits you.
* * * LOW HITPOINT WARNING * * *
The white imp closely misses you. The crimson imp hits you.
* * * LOW HITPOINT WARNING * * *
Really quaff the potion of lignification?
Your tentacle spike disappears.
You turn into a tree.
Your roots penetrate the ground.
The white imp gestures at you.
The puff of frost hits you but does no damage.
Natasha claws you.
* * * LOW HITPOINT WARNING * * *
The crimson imp hits you but does no damage.
It was a potion of might.
You feel very mighty all of a sudden.
The white imp hits you but does no damage.
Natasha mumbles some strange words.
You feel disoriented. Natasha casts a spell at you.
The magic dart hits you but does no damage.
The crimson imp hits you but does no damage.
You closely miss Natasha.
Natasha is moderately wounded.
The white imp hits you but does no damage.
Natasha completely misses you. The crimson imp hits you.
* * * LOW HITPOINT WARNING * * *
Natasha barely misses you.
The white imp hits you but does no damage.
The crimson imp hits you.
You die...

###.#.....# #.
.########...####### #.
........>.#################.
.......÷...)..............
########.#######......######
#....................
#..######......###### #..###
#......# ##.h♣## #......#
#.#55###......#
#.##...#......#
#.####..####### #.# ##.#
##### #.### #.... #.).##
##.### ###..# #..... ##.##
#.....


You could see Natasha, a crimson imp (summoned) and a white imp (summoned).

Vanquished Creatures
  Natasha (twice) (D:2)
  A gnoll (D:2)
  2 adders (D:2)
  3 dart slugs
  3 ball pythons (D:2)
  An endoplasm (D:2)
  A giant cockroach (D:2)
  5 goblins
  5 hobgoblins
  A quokka (D:1)
  10 bats
  2 frilled lizards (D:2)
  2 kobolds (D:1)
  4 rats (D:1)
42 creatures vanquished.

Notes
Turn   | Place    | Note
-------+----------+-------------------------------------------
     0 | D:1      | Dreamer the Octopode Transmuter began the quest for the
                  | Orb.
     0 | D:1      | Reached XP level 1. HP: 13/13 MP: 3/3
    96 | D:1      | Reached skill level 1 in Ice Magic
    96 | D:1      | Reached XP level 2. HP: 12/18 MP: 5/5
   821 | D:1      | Reached XP level 3. HP: 20/23 MP: 6/6
  1375 | D:2      | Identified the ring of Ybog {Ice Dex+3}
  1667 | D:2      | Found Pystruan's Antique Armour Emporium.
  1683 | D:2      | Reached XP level 4. HP: 19/28 MP: 7/7
  1887 | D:2      | Found a faded altar of an unknown god.
  1888 | D:2      | Noticed Natasha
  1900 | D:2      | Killed Natasha
  1946 | D:2      | Noticed Natasha
  1951 | D:2      | Killed Natasha
  1952 | D:2      | Reached XP level 5. HP: 25/33 MP: 6/8
  2209 | D:2      | Noticed Natasha
  2218 | D:2      | HP: 2/49 [Natasha (6)]
  2220 | D:2      | Slain by a crimson imp

Illustrated notes

Levels and vault maps discovered:
D:1:      eino_arrival_druids_welcome, layout_loops_cross,
          minmay_misc_feat_diagonals
D:2:      layout_basic, shapermc_ecumenical_altar_mp_highgroup, serial_shops,
          shop, minmay_heptomino_d4, uniq_natasha

Skill      XL: |  1  2  3  4 |
---------------+-------------+-----
Ice Magic      | 1 2 3 |  3.0
Transmutations | 3 |  3.9
Fighting       | |  1.0
Dodging        | |  2.0
Unarmed Combat | |  3.0
Spellcasting   | |  2.0

Action                   |  1- 3 |  4- 6 || total
-------------------------+-------+-------++-------
Melee: Great sword       |    66 |    13 ||    79
       Constrict         |    23 |     4 ||    27
       Tentacles         |    13 |     3 ||    16
       Kick              |       |     2 ||     2
 Cast: Beastly Appendage |       |     3 ||     3
  Use: Potion            |       |     2 ||     2
 Stab: Sleeping          |     3 |     2 ||     5
Armor: Skin              |    14 |     7 ||    21
Dodge: Dodged            |    61 |    15 ||    76

Table legend: (Time is in decaauts)
 A = Elapsed time spent in this place.
 B = Non-inter-level travel time spent in this place.
 C = Inter-level travel time spent in this place.
 D = Time resting spent in this place.
 E = Time spent auto-exploring this place.
 F = Levels seen in this place.
 G = Mean time per level.
                   A        B        C        D        E       F      G
               +--------+--------+--------+--------+--------+-----+--------+
         Total |   2284 |   2240 |     44 |    605 |   1229 |   2 | 1142.0 |
       Dungeon |   2284 |   2240 |     44 |    605 |   1229 |   2 | 1142.0 |
               +--------+--------+--------+--------+--------+-----+--------+

Top non-repeatable levels by time:
     D:2: 1308 daAuts
     D:1: 976 daAuts
